General information
- name: BNet
- type: Ladder team game (AT/RT)
- host: Battle.net
- saver: GuyMitchell
map: DragonFalls
- players: 8
- length: 45:10
- speed: Fast
- version: 1.26 W3XP
- replay type: Public
» download(280 KB)
Players
team 1 (loser)
builder (
yellow | 62 APM | 1468 actions | 23:46)
5 Blood Mage
3 Flame Strike
2 Banish
» actions
| Assign group hotkey | 21 | |
| Basic commands | 10 | |
| Build / train | 60 | |
| Enter build submenu | 31 | |
| Enter hero's abilities submenu | 5 | |
| Give item / drop item | 2 | |
| Right click | 495 | |
| Select / deselect | 252 | |
| Select group hotkey | 532 | |
| Use ability | 60 | |
1468 total
» units
» upgrades
| Masonry | 1 | |
| Storm Hammers | 1 | |
| Swords | 1 | |
3 total
» buildings
| Lumber Mill | 1 | |
| Farm | 9 | |
| Scout Tower | 11 | |
| Altar of Kings | 1 | |
| Guard Tower | 11 | |
| Keep | 1 | |
| Arcane Vault | 2 | |
| Castle | 1 | |
| Gryphon Aviary | 2 | |
| Blacksmith | 1 | |
| Town Hall | 1 | |
41 total
» build order
00:33 Lumber Mill
00:47 Farm
01:31 Farm
01:39 Scout Tower
01:42 Scout Tower
01:53 Altar of Kings
02:09 Farm
02:17 Scout Tower
02:22 Scout Tower
02:35 Guard Tower
03:03 Guard Tower
03:19 Guard Tower
03:32 Scout Tower
03:35 Scout Tower
03:56 Keep
04:07 Guard Tower
04:12 Arcane Vault
04:15 Guard Tower
05:05 Scout Tower
05:20 Scout Tower
05:24 Scout Tower
05:49 Guard Tower
05:51 Scout Tower
05:57 Scout Tower
05:58 Guard Tower
06:25 Guard Tower
06:31 Guard Tower
07:04 Castle
07:50 Gryphon Aviary
07:54 Guard Tower
07:55 Guard Tower
08:24 Arcane Vault
09:03 Gryphon Aviary
09:34 Farm
09:36 Farm
10:28 Farm
10:52 Blacksmith
12:15 Town Hall
12:41 Farm
15:31 Farm
16:28 Farm
» items
| Lesser Clarity Potion | 1 | |
| Ivory Tower | 3 | |
| Potion of Healing | 6 | |
| Potion of Mana | 1 | |
| Scroll of Town Portal | 2 | |
| Scroll of Regeneration | 2 | |
| Orb of Fire | 1 | |
16 total
blizzdoda (
blue | 54 APM | 1190 actions | 21:58)
5 Demon Hunter
2 Immolation
3 Mana Burn
2 Keeper of the Grove
1 Entangling Roots
1 Force of Nature
» actions
| Assign group hotkey | 30 | |
| Basic commands | 153 | |
| Build / train | 61 | |
| Enter build submenu | 18 | |
| Enter hero's abilities submenu | 7 | |
| Remove unit from queue | 4 | |
| Right click | 292 | |
| Select / deselect | 326 | |
| Select group hotkey | 258 | |
| Use ability | 41 | |
1190 total
» units
| Wisp | 12 | |
| Archer | 7 | |
| Huntress | 4 | |
| Glaive Thrower | 1 | |
| Druid of the Talon | -1 | |
| Hippogryph | 4 | |
| Druid of the Claw | 5 | |
| Chimaera | 2 | |
| Dryad | 3 | |
37 total
» upgrades
| Strength of the Wild | 2 | |
| Hippogryph Taming | 1 | |
| Reinforced Hides | 1 | |
| Druid of the Claw Training | 2 | |
| Mark of the Claw | 1 | |
| Corrosive Breath | 1 | |
8 total
» buildings
| Altar of Elders | 1 | |
| Moon Well | 7 | |
| Ancient of War | 1 | |
| Hunter's Hall | 1 | |
| Tree of Ages | 1 | |
| Ancient of Wind | 1 | |
| Tree of Eternity | 1 | |
| Ancient of Lore | 1 | |
| Chimaera Roost | 2 | |
| Ancient of Wonders | 1 | |
17 total
» build order
00:08 Altar of Elders
00:09 Moon Well
00:49 Ancient of War
01:25 Moon Well
02:13 Moon Well
03:14 Hunter's Hall
04:52 Tree of Ages
05:40 Moon Well
08:32 Ancient of Wind
09:07 Tree of Eternity
09:11 Moon Well
10:25 Ancient of Lore
11:29 Chimaera Roost
11:31 Chimaera Roost
13:41 Moon Well
16:37 Moon Well
17:51 Ancient of Wonders
» items

»
darksidesee (
teal | 32 APM | 1456 actions | 45:09)
2 Archmage
1 Blizzard
1 Brilliance Aura
3 Mountain King
2 Storm Bolt
1 Bash
» actions
| Assign group hotkey | 1 | |
| Build / train | 111 | |
| Enter build submenu | 39 | |
| Enter hero's abilities submenu | 7 | |
| Remove unit from queue | 6 | |
| Right click | 766 | |
| Select / deselect | 447 | |
| Select group hotkey | 2 | |
| Use ability | 76 | |
1456 total
» units
| Peasant | 25 | |
| Footman | 8 | |
| Siege Engine | 4 | |
| Knight | 2 | |
| Flying Machine | 9 | |
| Hippogryph | 3 | |
| Wisp | 15 | |
66 total
» upgrades
| Defend | 1 | |
| Lumber Harvesting | 2 | |
| Animal War Training | 1 | |
| Barrage | 1 | |
| Gunpowder | 1 | |
| Fragmentation Shards | 1 | |
| Masonry | 2 | |
| Flak Cannons | 1 | |
| Flying Machine Bombs | 1 | |
| Well Spring | 1 | |
12 total
» buildings
| Farm | 14 | |
| Altar of Kings | 1 | |
| Barracks | 4 | |
| Arcane Vault | 1 | |
| Keep | 2 | |
| Lumber Mill | 1 | |
| Town Hall | 1 | |
| Castle | 1 | |
| Blacksmith | 1 | |
| Workshop | 3 | |
| Gryphon Aviary | 1 | |
| Scout Tower | 1 | |
| Arcane Tower | 0 | |
| Ancient of Wind | 2 | |
| Tree of Life | 4 | |
| Moon Well | 1 | |
38 total
» build order
00:25 Farm
00:41 Altar of Kings
01:01 Barracks
01:09 Farm
01:46 Arcane Vault
01:54 Farm
02:16 Barracks
03:37 Farm
04:11 Keep
04:11 Keep
06:04 Lumber Mill
06:53 Town Hall
07:24 Castle
08:29 Blacksmith
09:54 Workshop
09:57 Workshop
10:01 Gryphon Aviary
10:19 Workshop
10:48 Scout Tower
11:52 Farm
12:10 Arcane Tower
12:11 Arcane Tower
12:39 Farm
12:42 Farm
13:28 Farm
13:43 Farm
14:35 Farm
15:45 Farm
15:59 Farm
16:34 Farm
16:39 Barracks
16:43 Barracks
18:15 Farm
27:58 Ancient of Wind
28:00 Ancient of Wind
28:12 Tree of Life
29:07 Tree of Life
33:04 Moon Well
33:55 Tree of Life
34:55 Tree of Life
» items
| Scroll of Regeneration | 4 | |
| Lesser Clarity Potion | 2 | |
| Potion of Healing | 2 | |
| Scroll of Town Portal | 2 | |
| Orb of Fire | 1 | |
| Boots of Speed | 1 | |
| Staff of Teleportation | 1 | |
| Potion of Lesser Invulnerability | 1 | |
| Potion of Invisibility | 1 | |
15 total
ZP.RAW.GO (
orange | 45 APM | 2033 actions | 45:09)
7 Archmage
3 Summon Water Elemental
3 Brilliance Aura
1 Mass Teleport
» actions
| Assign group hotkey | 34 | |
| Basic commands | 98 | |
| Build / train | 92 | |
| Enter build submenu | 20 | |
| Enter hero's abilities submenu | 8 | |
| Give item / drop item | 2 | |
| Right click | 686 | |
| Select / deselect | 306 | |
| Select group hotkey | 595 | |
| Use ability | 192 | |
2033 total
» units
| Peasant | 10 | |
| Footman | 5 | |
| Goblin Shredder | 4 | |
| Gryphon Rider | 6 | |
| Sorceress | 2 | |
27 total
» upgrades
| Masonry | 3 | |
| Lumber Harvesting | 1 | |
| Animal War Training | 1 | |
| Swords | 3 | |
| Armor | 2 | |
| Sorceress Training | 1 | |
| Storm Hammers | 1 | |
12 total
» buildings
| Altar of Kings | 1 | |
| Barracks | 1 | |
| Farm | 10 | |
| Scout Tower | 25 | |
| Arcane Vault | 1 | |
| Arcane Tower | 2 | |
| Town Hall | 1 | |
| Lumber Mill | 1 | |
| Keep | 3 | |
| Castle | 2 | |
| Guard Tower | 14 | |
| Gryphon Aviary | 3 | |
| Blacksmith | 2 | |
| Arcane Sanctum | 1 | |
67 total
» build order
00:18 Altar of Kings
00:28 Barracks
00:51 Farm
00:57 Farm
02:11 Farm
02:15 Scout Tower
02:32 Arcane Vault
02:43 Arcane Tower
03:49 Town Hall
03:54 Scout Tower
04:07 Lumber Mill
04:38 Farm
06:07 Keep
06:08 Keep
06:08 Keep
07:47 Scout Tower
07:49 Scout Tower
07:49 Scout Tower
07:51 Scout Tower
07:52 Scout Tower
07:53 Scout Tower
07:55 Farm
07:56 Farm
07:57 Farm
07:57 Farm
08:32 Castle
08:33 Castle
08:35 Guard Tower
09:07 Guard Tower
09:14 Gryphon Aviary
09:15 Gryphon Aviary
09:16 Gryphon Aviary
09:19 Blacksmith
10:11 Farm
10:12 Farm
10:24 Blacksmith
11:57 Scout Tower
11:57 Scout Tower
11:58 Scout Tower
11:59 Scout Tower
12:01 Scout Tower
12:03 Scout Tower
12:35 Guard Tower
12:35 Guard Tower
12:46 Guard Tower
13:01 Guard Tower
13:01 Guard Tower
13:21 Guard Tower
13:48 Scout Tower
13:49 Scout Tower
13:49 Scout Tower
13:50 Scout Tower
13:51 Scout Tower
13:52 Scout Tower
13:53 Scout Tower
13:53 Scout Tower
13:54 Scout Tower
13:54 Scout Tower
14:55 Guard Tower
16:10 Guard Tower
19:53 Arcane Sanctum
» items
| Scroll of Regeneration | 4 | |
| Staff of Teleportation | 1 | |
| Scroll of Town Portal | 2 | |
| Potion of Healing | 1 | |
| Ivory Tower | 2 | |
10 total
team 2 (winner)
YouMadBroseph (
purple | 36 APM | 1546 actions | 42:21)
4 Priestess of the Moon
2 Trueshot Aura
2 Searing Arrows
3 Keeper of the Grove
2 Entangling Roots
1 Thorns Aura
» actions
| Basic commands | 168 | |
| Build / train | 66 | |
| Enter build submenu | 18 | |
| Enter hero's abilities submenu | 7 | |
| Remove unit from queue | 1 | |
| Right click | 601 | |
| Select / deselect | 651 | |
| Use ability | 34 | |
1546 total
» units
| Wisp | 13 | |
| Archer | 24 | |
| Huntress | 1 | |
| Glaive Thrower | 7 | |
45 total
» upgrades
| Strength of the Moon | 2 | |
| Vorpal Blades | 1 | |
| Improved Bows | 1 | |
| Moon Armor | 1 | |
| Marksmanship | 1 | |
6 total
» buildings
| Moon Well | 6 | |
| Ancient of War | 5 | |
| Altar of Elders | 1 | |
| Hunter's Hall | 1 | |
| Tree of Ages | 1 | |
| Tree of Eternity | 1 | |
| Tree of Life | 1 | |
16 total
» build order
00:10 Moon Well
00:48 Ancient of War
01:09 Moon Well
01:48 Altar of Elders
02:30 Ancient of War
02:50 Moon Well
03:22 Hunter's Hall
04:42 Tree of Ages
06:07 Moon Well
08:48 Moon Well
10:27 Tree of Eternity
14:04 Moon Well
17:28 Tree of Life
17:30 Ancient of War
17:34 Ancient of War
17:39 Ancient of War
» items
| Scroll of Town Portal | 2 | |
| Potion of Healing | 1 | |
3 total

»
ZwickOwnsYou (
pink | 28 APM | 1258 actions | 45:09)
5 Blademaster
3 Critical Strike
2 Wind Walk
» actions
| Assign group hotkey | 28 | |
| Basic commands | 30 | |
| Build / train | 72 | |
| Enter build submenu | 27 | |
| Enter hero's abilities submenu | 5 | |
| Remove unit from queue | 3 | |
| Right click | 455 | |
| Select / deselect | 302 | |
| Select group hotkey | 271 | |
| Use ability | 65 | |
1258 total
» units
| Peon | 15 | |
| Grunt | 10 | |
| Demolisher | 1 | |
| Shaman | 6 | |
| Troll Witch Doctor | 3 | |
| Tauren | 5 | |
40 total
» upgrades
| Melee Weapons | 2 | |
| Armor | 2 | |
| Berserker Strength | 1 | |
| Shaman Training | 2 | |
| Pillage | 1 | |
| Witch Doctor Training | 2 | |
| Backpack | 1 | |
| Pulverize | 1 | |
| Spiked Barricades | 1 | |
| Spirit Walker Training | 1 | |
| Ranged Weapons | 1 | |
15 total
» buildings
| Altar of Storms | 2 | |
| Orc Burrow | 12 | |
| Barracks | 1 | |
| War Mill | 1 | |
| Stronghold | 1 | |
| Great Hall | 2 | |
| Fortress | 1 | |
| Spirit Lodge | 2 | |
| Watch Tower | 3 | |
| Voodoo Lounge | 1 | |
| Tauren Totem | 2 | |
28 total
» build order
00:05 Altar of Storms
00:07 Orc Burrow
00:59 Barracks
01:33 Orc Burrow
01:57 War Mill
03:09 Orc Burrow
04:07 Stronghold
06:08 Orc Burrow
06:12 Orc Burrow
06:42 Great Hall
07:46 Fortress
07:48 Spirit Lodge
08:25 Watch Tower
08:50 Spirit Lodge
09:07 Voodoo Lounge
10:35 Watch Tower
14:52 Tauren Totem
14:54 Tauren Totem
17:38 Orc Burrow
17:40 Orc Burrow
18:07 Orc Burrow
19:06 Watch Tower
21:47 Great Hall
23:53 Altar of Storms
24:28 Orc Burrow
24:30 Orc Burrow
24:33 Orc Burrow
24:35 Orc Burrow
» items
| Scroll of Town Portal | 1 | |
| Circlet of Nobility | 1 | |
| Potion of Healing | 1 | |
| Lesser Clarity Potion | 1 | |
| Potion of Mana | 1 | |
| Orb of Lightning | 1 | |
6 total
GuyMitchell (
red | 76 APM | 3448 actions | 45:10)
6 Blood Mage
3 Flame Strike
2 Siphon Mana
1 Summon Phoenix
2 Mountain King
1 Storm Bolt
1 Bash
» actions
| Assign group hotkey | 32 | |
| Basic commands | 433 | |
| Build / train | 263 | |
| ESC pressed | 4 | |
| Enter build submenu | 96 | |
| Enter hero's abilities submenu | 8 | |
| Give item / drop item | 9 | |
| Right click | 1215 | |
| Select / deselect | 562 | |
| Select group hotkey | 600 | |
| Use ability | 226 | |
3448 total
» units
| Peasant | 27 | |
| Footman | 11 | |
| Goblin Shredder | 3 | |
| Sorceress | 1 | |
| Dragonhawk Rider | 3 | |
45 total
» upgrades
| Defend | 1 | |
| Masonry | 3 | |
| Lumber Harvesting | 2 | |
| Sorceress Training | 2 | |
| Magic Sentry | 1 | |
| Swords | 3 | |
| Armor | 3 | |
| Animal War Training | 1 | |
| Storm Hammers | 1 | |
| Cloud | 1 | |
| Gunpowder | 4 | |
| Plating | 3 | |
| Priest Training | 2 | |
| Control Magic | 1 | |
| Long Rifles | 1 | |
| Backpack | 1 | |
| Barrage | 1 | |
| Flying Machine Bombs | 1 | |
| Flak Cannons | 1 | |
| Flare | 1 | |
| Fragmentation Shards | 1 | |
35 total
» buildings
| Altar of Kings | 1 | |
| Barracks | 1 | |
| Farm | 10 | |
| Arcane Vault | 1 | |
| Town Hall | 2 | |
| Scout Tower | 69 | |
| Lumber Mill | 2 | |
| Arcane Tower | 6 | |
| Guard Tower | 108 | |
| Keep | 5 | |
| Castle | 1 | |
| Arcane Sanctum | 1 | |
| Blacksmith | 1 | |
| Gryphon Aviary | 4 | |
| Workshop | 2 | |
| Cannon Tower | 8 | |
222 total
» build order
00:04 Altar of Kings
00:09 Barracks
00:16 Farm
00:56 Farm
01:59 Arcane Vault
02:41 Farm
03:18 Town Hall
04:01 Scout Tower
04:28 Lumber Mill
04:29 Arcane Tower
04:46 Scout Tower
04:47 Scout Tower
04:52 Scout Tower
05:18 Arcane Tower
05:31 Guard Tower
05:46 Guard Tower
05:46 Guard Tower
05:47 Guard Tower
06:02 Scout Tower
06:35 Guard Tower
06:36 Guard Tower
07:02 Keep
07:03 Keep
07:03 Keep
07:57 Scout Tower
07:58 Scout Tower
07:59 Scout Tower
08:26 Guard Tower
08:26 Guard Tower
08:27 Guard Tower
08:27 Guard Tower
08:27 Guard Tower
08:27 Guard Tower
09:46 Castle
09:48 Arcane Sanctum
09:52 Scout Tower
09:58 Scout Tower
10:03 Scout Tower
10:22 Guard Tower
10:22 Guard Tower
10:24 Guard Tower
10:24 Guard Tower
10:24 Guard Tower
10:36 Guard Tower
10:40 Blacksmith
12:57 Farm
13:21 Gryphon Aviary
13:23 Gryphon Aviary
15:02 Scout Tower
15:04 Scout Tower
15:05 Scout Tower
15:07 Scout Tower
15:12 Gryphon Aviary
15:18 Gryphon Aviary
15:47 Guard Tower
15:59 Farm
19:34 Scout Tower
19:51 Scout Tower
19:54 Town Hall
20:17 Arcane Tower
20:18 Arcane Tower
20:40 Farm
20:43 Farm
20:44 Farm
20:44 Farm
20:58 Guard Tower
21:39 Farm
21:42 Scout Tower
21:57 Scout Tower
21:58 Scout Tower
21:59 Scout Tower
22:01 Scout Tower
22:10 Scout Tower
22:11 Scout Tower
22:13 Scout Tower
22:15 Scout Tower
22:16 Scout Tower
22:19 Scout Tower
22:52 Guard Tower
22:52 Guard Tower
22:52 Guard Tower
22:53 Guard Tower
22:53 Guard Tower
22:54 Guard Tower
22:54 Guard Tower
22:54 Guard Tower
22:56 Scout Tower
22:57 Scout Tower
22:57 Scout Tower
22:59 Scout Tower
23:00 Scout Tower
23:01 Scout Tower
23:02 Guard Tower
23:02 Guard Tower
23:14 Guard Tower
23:14 Guard Tower
23:14 Guard Tower
23:24 Guard Tower
23:24 Guard Tower
23:25 Guard Tower
23:27 Guard Tower
23:27 Guard Tower
23:28 Guard Tower
23:34 Guard Tower
23:34 Guard Tower
23:38 Scout Tower
23:39 Scout Tower
23:41 Scout Tower
23:42 Scout Tower
23:44 Scout Tower
23:56 Guard Tower
23:56 Guard Tower
23:59 Scout Tower
24:10 Guard Tower
24:10 Guard Tower
24:13 Guard Tower
24:13 Guard Tower
24:17 Guard Tower
24:18 Guard Tower
24:18 Guard Tower
24:38 Guard Tower
24:38 Guard Tower
24:43 Scout Tower
24:44 Scout Tower
24:45 Scout Tower
24:47 Scout Tower
24:49 Scout Tower
25:17 Guard Tower
25:17 Guard Tower
25:18 Guard Tower
25:21 Scout Tower
25:36 Guard Tower
25:37 Guard Tower
25:52 Guard Tower
25:52 Guard Tower
25:52 Guard Tower
25:58 Scout Tower
26:00 Scout Tower
26:01 Scout Tower
26:03 Scout Tower
26:04 Scout Tower
26:08 Scout Tower
26:09 Scout Tower
26:12 Scout Tower
26:13 Scout Tower
26:14 Scout Tower
26:17 Scout Tower
26:46 Guard Tower
26:46 Guard Tower
26:46 Guard Tower
26:48 Guard Tower
26:48 Guard Tower
26:48 Guard Tower
27:14 Lumber Mill
27:16 Guard Tower
27:17 Guard Tower
27:17 Guard Tower
27:34 Scout Tower
28:35 Workshop
28:36 Workshop
29:10 Guard Tower
29:11 Guard Tower
31:44 Scout Tower
31:45 Scout Tower
31:47 Scout Tower
31:48 Scout Tower
31:50 Scout Tower
32:14 Guard Tower
32:14 Guard Tower
32:15 Guard Tower
32:16 Guard Tower
32:18 Guard Tower
32:18 Guard Tower
32:23 Scout Tower
32:24 Scout Tower
32:26 Scout Tower
32:34 Scout Tower
32:35 Scout Tower
32:36 Scout Tower
33:02 Cannon Tower
33:03 Cannon Tower
33:03 Cannon Tower
33:04 Cannon Tower
33:04 Cannon Tower
33:05 Cannon Tower
» items
| Scroll of Regeneration | 8 | |
| Scroll of Town Portal | 4 | |
| Scroll of Healing | 1 | |
| Lesser Clarity Potion | 4 | |
| Potion of Healing | 3 | |
| Boots of Speed | 1 | |
| Staff of Teleportation | 1 | |
| Potion of Mana | 1 | |
| Orb of Fire | 1 | |
24 total
Light-Bringer (
green | 103 APM | 4674 actions | 45:09)
10 Archmage
3 Summon Water Elemental
3 Brilliance Aura
1 Mass Teleport
3 Blizzard
» actions
| Assign group hotkey | 752 | |
| Basic commands | 268 | |
| Build / train | 88 | |
| Enter build submenu | 53 | |
| Enter hero's abilities submenu | 10 | |
| Give item / drop item | 2 | |
| Remove unit from queue | 2 | |
| Right click | 1808 | |
| Select / deselect | 487 | |
| Select group hotkey | 1054 | |
| Use ability | 149 | |
4674 total
» units
| Peasant | 15 | |
| Footman | 6 | |
| Goblin Shredder | 1 | |
| Goblin Zeppelin | 1 | |
| Goblin Sapper | 2 | |
| Gryphon Rider | 6 | |
| Dragonhawk Rider | 1 | |
| Green Dragon | 6 | |
38 total
» upgrades
| Lumber Harvesting | 1 | |
| Masonry | 3 | |
| Swords | 3 | |
| Armor | 3 | |
| Cloud | 1 | |
| Animal War Training | 1 | |
| Storm Hammers | 1 | |
| Magic Sentry | 1 | |
14 total
» buildings
| Altar of Kings | 3 | |
| Barracks | 2 | |
| Farm | 14 | |
| Keep | 1 | |
| Town Hall | 2 | |
| Scout Tower | 21 | |
| Lumber Mill | 2 | |
| Blacksmith | 1 | |
| Arcane Sanctum | 1 | |
| Guard Tower | 5 | |
| Arcane Vault | 4 | |
| Gryphon Aviary | 4 | |
| Castle | 1 | |
61 total
» build order
00:52 Altar of Kings
00:55 Altar of Kings
00:55 Barracks
00:58 Altar of Kings
01:05 Farm
01:07 Farm
01:07 Farm
01:09 Farm
02:09 Farm
02:12 Farm
02:16 Farm
03:22 Keep
05:10 Town Hall
05:19 Scout Tower
05:20 Scout Tower
05:20 Scout Tower
05:26 Scout Tower
05:27 Scout Tower
05:28 Scout Tower
05:30 Scout Tower
05:34 Lumber Mill
06:30 Blacksmith
06:43 Arcane Sanctum
06:47 Barracks
07:14 Guard Tower
07:14 Guard Tower
07:19 Arcane Vault
08:33 Gryphon Aviary
09:38 Gryphon Aviary
10:13 Farm
10:16 Farm
10:19 Gryphon Aviary
10:19 Gryphon Aviary
10:36 Castle
11:56 Farm
15:56 Scout Tower
15:57 Scout Tower
15:57 Scout Tower
15:57 Scout Tower
15:58 Scout Tower
17:31 Farm
18:30 Lumber Mill
18:45 Town Hall
18:47 Scout Tower
18:47 Scout Tower
20:13 Scout Tower
20:14 Scout Tower
20:15 Scout Tower
20:16 Scout Tower
20:16 Scout Tower
20:17 Scout Tower
20:29 Guard Tower
21:33 Guard Tower
22:45 Arcane Vault
22:49 Arcane Vault
23:00 Arcane Vault
33:13 Farm
33:13 Farm
33:14 Farm
» items
| Boots of Speed | 1 | |
| Potion of Invisibility | 1 | |
| Staff of Teleportation | 1 | |
| Potion of Healing | 5 | |
| Scroll of Regeneration | 4 | |
| Scroll of Town Portal | 3 | |
| Potion of Mana | 1 | |
16 total
Chat log
(00:06 / All) ZP.RAW.GO: zwick lawl
(00:12 / All) ZwickOwnsYou: ??
(00:23 / All) ZwickOwnsYou: hello friend
(00:25 / All) ZwickOwnsYou: whoever you are
(00:34 / All) YouMadBroseph: lover mbe?
(00:38 / All) ZP.RAW.GO: clan toke represent
(00:39 / All) ZwickOwnsYou: maybe
(00:44 / All) ZwickOwnsYou: oh fuck yeah
(00:50 / All) Light-Bringer: Toke is a joke
(01:03 / All) YouMadBroseph: so clever
(01:07 / All) ZwickOwnsYou: that stings man
(01:22 / All) YouMadBroseph: serious
(01:26 / All) YouMadBroseph: why you gotta be so mean
(01:35 / All) YouMadBroseph: we were all just having fun
(02:00 / Allies) ZwickOwnsYou: plan?
(02:08 / Allies) YouMadBroseph: smoke weed
(02:13 / Allies) ZwickOwnsYou: all day
(02:14 / Allies) ZwickOwnsYou: erryday
(02:34 / Allies) YouMadBroseph: then proft?
(02:47 / Allies) ZwickOwnsYou: sure
(03:08 / Allies) GuyMitchell: 50 wood
(03:11 / Allies) YouMadBroseph: i just build tier 1
(03:18 / Allies) GuyMitchell: ty
(03:27 / Allies) ZwickOwnsYou: grunts
(03:31 / Allies) ZwickOwnsYou: casters
(03:59 / Allies) ZwickOwnsYou: u ok?
(04:06 / Allies) YouMadBroseph: so far so good
(04:22 / Allies) ZwickOwnsYou: kill that nigger
(05:00 / All) YouMadBroseph: suicide?
(06:22 / Allies) ZwickOwnsYou: lemme get that potion
(06:26 / Allies) GuyMitchell: k
(06:32 / Allies) GuyMitchell: got mantle since int hero
(06:36 / Allies) ZwickOwnsYou: ya
(06:53 / Allies) ZwickOwnsYou: going demos
(07:21 / Allies) Light-Bringer: wood
(07:41 / All) GuyMitchell: ez
(08:11 / Allies) Light-Bringer: creep golbins
(11:33 / Allies) YouMadBroseph: wanna hit?
(11:40 / Allies) GuyMitchell: yeah sec, lemme buy healing scroll
(11:45 / Allies) GuyMitchell: going air so flute is perfect item
(12:12 / Allies) ZwickOwnsYou: lol sappers
(13:14 / Allies) ZwickOwnsYou: gptta buy tp
(13:16 / Allies) ZwickOwnsYou: 2 sec
(14:23 / Allies) ZwickOwnsYou: chim
(15:53 / Allies) YouMadBroseph: gg
(16:03 / All) builder: oh green
(16:12 / Allies) YouMadBroseph: thx for help green
(16:14 / Allies) YouMadBroseph: u a stud
(16:25 / All) GuyMitchell: You can all leave now. You lost. Heed my words, mortals.
(16:55 / All) YouMadBroseph: I save that retard greens town and he repays me buy being a total bitch
(17:33 / All) ZP.RAW.GO: yellow is so useless
(17:40 / All) GuyMitchell: He is terrible
(18:06 / All) builder: lol well i have oj tking me
(18:15 / All) ZP.RAW.GO: yellow ur a nigger
(18:16 / All) GuyMitchell: Probably since you're bad
(18:17 / All) ZP.RAW.GO: leave man
(18:18 / All) YouMadBroseph: GG
(18:21 / All) GuyMitchell: team is better without you
(18:21 / All) ZwickOwnsYou: things can always change so quickly in this game
(18:23 / All) ZP.RAW.GO: all game
(18:36 / All) builder: i didnt say anything
(18:38 / All) builder: lol
(18:57 / Allies) ZwickOwnsYou: hit
(18:59 / Allies) ZwickOwnsYou: blue
(19:23 / All) ZP.RAW.GO: out yellow
(19:23 / All) ZP.RAW.GO: lawl
(19:42 / Allies) ZwickOwnsYou: omw guys
(20:01 / All) Light-Bringer: TJHE FUCL
(20:07 / All) Light-Bringer: IT KEEPS NOT ATTACKING THE DAMN TANK
(20:23 / All) YouMadBroseph: hes on bath salts
(20:25 / All) YouMadBroseph: dont mind him
(20:27 / All) ZP.RAW.GO: yellow just so u know
(22:33 / All) ZwickOwnsYou: ASSHOLE
(22:43 / All) ZP.RAW.GO: i told yellow
(22:44 / All) ZP.RAW.GO: about u 2
(22:45 / Allies) ZwickOwnsYou: now
(22:46 / Allies) ZwickOwnsYou: oj
(22:47 / Allies) ZwickOwnsYou: go
(23:01 / All) builder: oj said you guys begg him to kill me
(23:04 / All) builder: cause u scare
(23:07 / All) ZP.RAW.GO: lawl
(23:08 / All) builder: ok??
(23:15 / All) ZP.RAW.GO: that makes no sense
(23:16 / All) ZP.RAW.GO: yellow
(24:28 / All) ZP.RAW.GO: leave purple u nigger
(24:43 / Allies) ZwickOwnsYou: wtf
(24:44 / All) YouMadBroseph: green is a faggot huh?
(24:45 / All) YouMadBroseph: lol
(24:48 / Allies) ZwickOwnsYou: wtf
(24:50 / All) ZP.RAW.GO: i stabbed my team too
(24:51 / Allies) ZwickOwnsYou: stop
(24:52 / All) ZP.RAW.GO: its fair purple
(24:57 / All) ZwickOwnsYou: reds stabbing
(25:06 / All) ZwickOwnsYou: me
(25:07 / All) ZwickOwnsYou: rioght now
(25:08 / All) GuyMitchell: I killed your main earlier and you didn't even notice
(25:21 / Allies) ZwickOwnsYou: that wasnt you
(25:24 / All) GuyMitchell: Yes it was
(25:29 / All) GuyMitchell: should have paid attention
(25:33 / All) GuyMitchell: he is killing the rest
(25:36 / All) ZwickOwnsYou: lol
(25:41 / All) ZwickOwnsYou: 2 stabbers
(25:44 / All) ZP.RAW.GO: zwick
(25:46 / All) ZP.RAW.GO: i stabbed too
(25:48 / All) ZP.RAW.GO: quit whining
(25:49 / All) ZP.RAW.GO: idiot
(25:51 / All) ZP.RAW.GO: its fair game
(25:56 / All) ZwickOwnsYou: yeah but
(25:57 / All) ZwickOwnsYou: its me
(25:59 / All) ZwickOwnsYou: not them
(26:00 / All) ZwickOwnsYou: -.-
(26:01 / All) ZP.RAW.GO: also, i am ur clan leader, zwick, chronictoke
(26:06 / All) ZwickOwnsYou: no youre not
(26:16 / All) ZwickOwnsYou: chronic was logged on
(26:18 / All) ZP.RAW.GO: red is xxyoshixx
(26:23 / Allies) GuyMitchell: Nice try.
(26:25 / All) ZP.RAW.GO: and green is nova
(26:27 / All) ZP.RAW.GO: yes we are
(26:29 / All) GuyMitchell: LOL
(26:34 / All) GuyMitchell: I am Rod Serling. Who the fuck is Yoshi?
(26:44 / All) GuyMitchell: I am the motherfucking creator of the Twilight Zone, 1959 - 1964.
(27:07 / All) GuyMitchell: We rape fuckwits like you and upload it to highper.ch so everyone can laugh at you.
(27:09 / Allies) ZwickOwnsYou: and btw
(27:13 / Allies) ZwickOwnsYou: i did see it dying
(27:14 / Allies) ZwickOwnsYou: i had melee
(27:18 / Allies) ZwickOwnsYou: i couldnt do shit against it
(27:21 / All) ZP.RAW.GO: we are roomates
(27:25 / All) ZP.RAW.GO: i am the fat whale
(27:33 / All) ZP.RAW.GO: red is the genius serling
(27:37 / All) YouMadBroseph: u guys must get laid alot
(27:42 / All) YouMadBroseph: 3 studs
(27:44 / All) YouMadBroseph: i bet
(27:51 / All) Light-Bringer: threesome once every 2 week bro
(27:56 / All) Light-Bringer: pays to be a hustler
(27:58 / All) YouMadBroseph: fosho
(28:04 / All) YouMadBroseph: straight gansta
(28:06 / All) YouMadBroseph: i know
(28:08 / All) YouMadBroseph: fosho
(28:14 / All) GuyMitchell: Standoff?
(28:18 / All) ZP.RAW.GO: no
(28:26 / All) YouMadBroseph: i was masturbating during this game
(28:29 / All) YouMadBroseph: it was good
(28:43 / All) ZP.RAW.GO: ur 17-5, people with that record try their hardest
(28:46 / All) GuyMitchell: What porn do you like purple?
(28:48 / All) YouMadBroseph: no not that wisp
(28:53 / All) GuyMitchell: Any fetishes you want to tell us about?
(28:55 / All) YouMadBroseph: i got lucky
(28:58 / All) YouMadBroseph: people leave alot
(29:11 / All) YouMadBroseph: i like fat one eyed hookers
(29:14 / Allies) Light-Bringer: come Rod
(29:18 / All) YouMadBroseph: skull fucks r the best
(29:18 / Allies) Light-Bringer: It's time to kill this nigger blue
(29:52 / All) YouMadBroseph: Wanna know what greens major in college was?
(30:00 / All) YouMadBroseph: ok ill tell you anyway
(30:03 / All) GuyMitchell: History.
(30:04 / All) ZP.RAW.GO: what?
(30:04 / All) YouMadBroseph: it was faggotry
(30:04 / All) ZwickOwnsYou: lmfao
(30:07 / All) ZP.RAW.GO: physocology
(30:11 / All) Light-Bringer: how mad you are bro
(30:15 / All) YouMadBroseph: lol
(30:19 / All) YouMadBroseph: i thought that was funny
(30:21 / All) Light-Bringer: it was hustling what son
(30:22 / All) GuyMitchell: Faggotry? Is that a degree where you live purple?
(30:29 / All) ZP.RAW.GO: teal leave u arent getting the win
(30:32 / All) YouMadBroseph: i teach it
(30:43 / All) ZP.RAW.GO: 7-4
(30:58 / All) GuyMitchell: I never even had to go over 50 food this game.
(31:02 / All) YouMadBroseph: he gave me a blumkin to get an A in my course
(31:13 / All) Light-Bringer: I did in desperation when blue and yellow heading my way, and teal
(31:21 / All) Light-Bringer: didn't have towers in my base
(31:59 / Allies) ZwickOwnsYou: can i have 100 lumber
(32:03 / Allies) ZwickOwnsYou: to spike my buildings
(32:09 / Allies) YouMadBroseph: u can have 3188
(32:10 / Allies) GuyMitchell: yes, there you go sir.
(32:10 / Allies) ZwickOwnsYou: ty
(32:27 / Allies) ZwickOwnsYou: ty purple
(32:38 / Allies) ZwickOwnsYou: with all that i will also research useless things
(32:40 / Allies) YouMadBroseph: i enjoyed this game
(32:40 / All) Light-Bringer: Teal you're losing faggot
(32:43 / Allies) YouMadBroseph: it was fun
(32:48 / Allies) GuyMitchell: Me too.
(33:08 / Allies) YouMadBroseph: prolly cause i got too high
(33:15 / All) ZwickOwnsYou: oj
(33:17 / Allies) YouMadBroseph: this was just the game i needed
(33:23 / All) ZwickOwnsYou: you know youre backstabbing yourself, right?
(33:24 / All) ZP.RAW.GO: yes pink
(33:26 / All) ZP.RAW.GO: i am chronic toke
(33:32 / All) ZwickOwnsYou: ok
(33:33 / All) ZP.RAW.GO: pink have u not realized what happeend
(33:37 / All) ZwickOwnsYou: i will refer to you as OJ
(33:40 / All) ZP.RAW.GO: we 3 are roommates u moron
(33:51 / All) YouMadBroseph: straight blowing each other son
(33:57 / All) YouMadBroseph: they gangstas
(33:58 / All) ZwickOwnsYou: thats hot
(34:22 / All) ZwickOwnsYou: red is stopping you
(34:41 / All) GuyMitchell: I want to watch cannon towers.
(34:50 / All) ZP.RAW.GO: cannon towers are special
(35:02 / All) GuyMitchell: yes they are since they suck and nobody makes them in regular games
(35:23 / All) ZwickOwnsYou: theyre fun to tower an enemy with
(35:28 / All) ZwickOwnsYou: with ivorys really quick
(35:40 / All) GuyMitchell: if you have workshop and lots of resources to do that you have already won
(35:56 / All) ZwickOwnsYou: I see your point
(36:12 / All) ZP.RAW.GO: u know wahat
(36:15 / All) ZP.RAW.GO: wtch me rape red
(36:18 / All) ZP.RAW.GO: ill rape and green
(36:21 / All) ZP.RAW.GO: i have 10k gold
(36:23 / All) ZP.RAW.GO: they suck ass
(36:29 / All) ZwickOwnsYou: red has more than you
(36:38 / All) GuyMitchell: I have 14k
(36:44 / All) ZwickOwnsYou: red has more than you
(37:05 / Allies) ZwickOwnsYou: very nice
(37:12 / Allies) ZwickOwnsYou: raping hard
(37:17 / All) YouMadBroseph: im coming down
(37:18 / Allies) ZwickOwnsYou: green didnt stand a chance
(37:30 / All) YouMadBroseph: whos in for a bong rip
(37:37 / All) ZP.RAW.GO: die green
(37:38 / All) ZP.RAW.GO: u noob
(37:40 / All) YouMadBroseph: im thinking some cheesequake
(37:40 / All) ZwickOwnsYou: me plz
(37:40 / All) ZP.RAW.GO: WTF
(37:42 / All) ZP.RAW.GO: HACKER GREEN
(37:50 / All) YouMadBroseph: or maybe some sour og
(37:50 / All) GuyMitchell: didn't even get lvl 3 mk from that
(37:59 / All) ZP.RAW.GO: ID RAPE U GREEN on a better map
(38:04 / All) ZP.RAW.GO: this is an orc map, nothuman
(38:08 / All) ZP.RAW.GO: u had the advantage
(38:17 / All) darksidesee: super noob zp.raw.go
(38:23 / All) YouMadBroseph: i dont know what the fuck you just said likttle kid but you special
(38:26 / All) ZwickOwnsYou: MY SPIKE BUILDINGS
(38:33 / All) YouMadBroseph: pwned
(38:39 / All) darksidesee: human greephone is realy noob
(38:40 / All) ZP.RAW.GO: shut up teal
(38:42 / All) ZP.RAW.GO: just shut up
(38:52 / All) darksidesee: u mum
(38:55 / All) Light-Bringer: GREEPHONE!
(39:00 / All) Light-Bringer: HUMAN GREEPHONE!
(39:03 / All) YouMadBroseph: i have 2
(39:05 / All) ZP.RAW.GO: teal sucks!
(39:11 / All) ZP.RAW.GO: we should have won this if teal didnt suck
(39:18 / All) ZP.RAW.GO: anyways gg im leaving, teal sux
(39:21 / All) darksidesee: tower man real noob
(39:24 / All) YouMadBroseph: no dont go
(39:31 / All) ZwickOwnsYou: gg
(39:31 / All) YouMadBroseph: i love you
(39:34 / All) YouMadBroseph: dont leave me
(39:44 / All) YouMadBroseph: ill do anything for you
(39:58 / All) YouMadBroseph: especially if it involves anal
(40:18 / All) ZP.RAW.GO: purple, my spidy sense tells me, you're lieing and care for this win
(40:26 / All) ZP.RAW.GO: GOD MY CAT IS SCRATCHING HTE CAT LITTLE NONSTOP
(40:29 / All) ZP.RAW.GO: this entire game
(40:29 / All) ZP.RAW.GO: wtf
(40:36 / All) darksidesee: distroy noob tower
(40:38 / All) ZP.RAW.GO: cat litter
(40:42 / All) ZP.RAW.GO: shut up teal u dumb asian
(40:46 / All) ZP.RAW.GO: AMERICA #1
(40:48 / All) ZP.RAW.GO: AMERICA #1
(40:50 / All) ZwickOwnsYou: AMERICA
(40:54 / All) YouMadBroseph: MERICA
(40:56 / All) YouMadBroseph: FUCK YEAH
(41:00 / All) YouMadBroseph: no were talking
(41:03 / All) YouMadBroseph: now
(41:08 / Allies) YouMadBroseph: we're
(41:10 / All) ZP.RAW.GO: CANNON towers are a bitch to kill
(41:12 / All) ZP.RAW.GO: look at that
(41:13 / All) GuyMitchell: 'muricuh fuk yea elektirkity scuters
(41:27 / All) YouMadBroseph: slavery
(41:29 / All) YouMadBroseph: fuck yeah
(41:40 / All) ZwickOwnsYou: BOOKS
(42:13 / All) YouMadBroseph: ok im out guys
(42:16 / All) YouMadBroseph: gnight
(42:19 / All) ZwickOwnsYou: c ya
(42:26 / All) GuyMitchell: I got spurs that jingle, jangle jingle. Jingle jangle! Cause I go riding there alone. Single, ain't you glad you single. Jingle
(42:27 / All) GuyMitchell: jangle!
(42:32 / All) GuyMitchell: And that song ain't very far from home
(42:37 / All) ZP.RAW.GO: must be a canadian son
(42:49 / All) GuyMitchell: I've got heartaches by the number, worries by the storm
(42:54 / All) GuyMitchell: ROCKABILLY ROCKABILLY ROCKABILYL ROCK ROCK ROCK
(42:56 / All) Light-Bringer: Leave faggot teal, or we will make you lose
(43:01 / All) GuyMitchell: RIP Guy Mitchell
(43:02 / All) Light-Bringer: Leave you get a tie and not a loss
(43:05 / All) Light-Bringer: Stay and you lose!
(43:30 / Allies) ZwickOwnsYou: noooooo
(44:09 / All) GuyMitchell: Flamechampion thought I was Turncoat. That is an accomplishment.
(44:12 / All) GuyMitchell: I am honoured.
(44:30 / All) ZP.RAW.GO: in the market square game with u 2 and teelo, it took me the entire time to figure out purple was turncoat
(44:33 / All) ZP.RAW.GO: i thought he was teelo
(44:34 / All) ZwickOwnsYou: i dont know why ive been watching this long and havnt packed a bowl
(44:35 / All) GuyMitchell: BLUE MOON. I LOOKED TO THE STARS AND THE MOON HAD TURNED TO GOLD
(44:50 / All) GuyMitchell: FORTUNA, FORTUNA, FORTUNA
(44:51 / All) GuyMitchell: FLORENT OMNES
(44:54 / All) GuyMitchell: DULCISSIMA
(44:58 / All) Light-Bringer: Teelo lost his hero and foots to creeps
(45:02 / All) Light-Bringer: trying to "fast expand"
(45:06 / All) GuyMitchell: VALE, VALE, VALE! BELLA CIAO CIAO CIAO!